 Dungeon Crawl Stone Soup version 0.28.0-47-ge53b351184 (webtiles) character file.

Game seed: 6490931342580959718

221 NinjaNoafa the Covered (level 5, -1/43 (46) HPs)
             Began as a Minotaur Monk on Apr 28, 2022.
             Slain by an adder (3 damage)
             ... on level 4 of the Dungeon.
             The game lasted 00:04:38 (2920 turns).

NinjaNoafa the Covered (Minotaur Monk)              Turns: 2920, Time: 00:04:39

HP:   -1/43 (46)    AC: 12    Str: 24    XL:     5   Next: 65%
MP:   4/4           EV:  7    Int:  7    God:
Gold: 137           SH:  0    Dex: 12    Spells: 4/4 levels left

rFire   . . .      SeeInvis .   c - +3 dagger (speed)
rCold   . . .      Faith    .   (no shield)
rNeg    . . .      Spirit   .   k - +0 plate armour
rPois   .          Reflect  .   (helmet restricted)
rElec   .          Harm     .   (no cloak)
rCorr   .          Rampage  .   (no gloves)
Will    .....                   (no boots)
Stlth   ..........              (no amulet)
HPRegen 0.14/turn               n - +6 ring of strength
MPRegen 0.09/turn               (no ring)

@: drained
A: horns 2, retaliatory headbutt
a: no special abilities


You were on level 4 of the Dungeon.
You visited 1 branch of the dungeon, and saw 4 of its levels.

You collected 137 gold pieces.

Inventory:

Hand Weapons
 c - a +3 dagger of speed (weapon)
Missiles
 e - 3 throwing nets
 g - 4 poisoned darts (quivered)
Armour
 k - a +0 plate armour (worn)
Jewellery
 n - a +6 ring of strength (left hand)
Scrolls
 l - a scroll of magic mapping
Potions
 f - 2 potions of curing


   Skills:
 - Level 4.0 Fighting
 + Level 3.6 Short Blades
 - Level 4.0 Axes
 + Level 4.4 Armour
 - Level 3.2 Dodging
 - Level 1.5 Stealth


You had 4 spell levels left.
You didn't know any spells.
Your spell library contained the following spells:

 Spells                   Type           Power      Damage    Failure   Level
 Summon Small Mammal      Summ           0%         N/A       100%        1
 Call Canine Familiar     Summ           0%         N/A       100%        3
 Summon Guardian Golem    Hex/Summ       0%         N/A       100%        3
 Hailstorm                Conj/Ice       0%         3d3       100%        4
 Ice Form                 Ice/Tmut       0%         N/A       100%        4
 Simulacrum               Ice/Necr       0%         N/A       100%        6


Dungeon Overview and Level Annotations

Branches:
Dungeon (4/15)             Temple (0/1) D:4

Altars:
Makhleb

Annotations:
D:4 Sigmund


Innate Abilities, Weirdness & Mutations

You have a pair of horns on your head.
You reflexively headbutt those who attack you in melee.


Message History

The orc hits you but does no damage. The phantom hits you.
Sigmund gestures wildly while chanting.
Sigmund flickers and vanishes!
Deactivating autopickup; reactivate with Ctrl-A.
The orc hits you but does no damage. The phantom barely misses you.
You furiously retaliate!
You headbutt the phantom. The wight barely misses you.
The phantom hits you but does no damage.
Found 11 gold pieces.
The wight closely misses you. The wight closely misses you.
Found a glowing leather armour.
Found 11 gold pieces.
The adder hisses angrily.
The wight hits you but does no damage.
Okay, then.
The giant cockroach bites you but does no damage.
The giant cockroach barely misses you.
The wight hits you with a +5 great sword.
The phantom closely misses you. The wight hits you with a +0 mace.
The wight hits you with a +0 mace.
You feel drained. Something hits you! The wight hits you with a +0 scimitar.
You feel drained.
* * * LOW HITPOINT WARNING * * *
The phantom hits you!
* * * LOW HITPOINT WARNING * * *
The phantom blinks!
You blink.
As you read the scroll of fear, it crumbles to dust.
You assume a fearsome visage.
The phantom is unaffected.
The adder looks frightened!
The orc looks frightened! x4
The adder looks frightened!
The wight is unaffected. x4
The kobold looks frightened!
The phantom hits you but does no damage.
The adder hisses angrily.
The wight closely misses you. You furiously retaliate!
You headbutt the wight! The wight hits you with a +0 mace.
* * * LOW HITPOINT WARNING * * *
You feel drained.
* * * LOW HITPOINT WARNING * * *
The adder bites you but does no damage. The wight hits you but does no damage.
The adder bites you.
You die...

#.ยง#......#.#*******#...
##o#.o..#....,,,,,,.....
#.#..<.##.###*****#.... ******
#.....o.#....## ##..## *,,,,*
###.z....#**..# ##...##
*,,,.#####......####.# #[.....
*,,,....o....z#z.....###..##.#
***,,,.#####..BSz...#...........
*,,,,,.........@W...............
******#######.#.###.....K.$.....
#...# ##.###...##### ##..#
#.......#,,,, #..# ##......#,***
##.# ##..$..#,*,, ###
#####.#,*,, #.#,*+* *,*,,,,


You could see a phantom, 4 wights, an adder, 4 orcs and a giant cockroach.

Vanquished Creatures
  Jessica (D:2)
  2 orc wizards (D:3)
  A hound skeleton (D:4)
  4 gnolls (D:3)
  5 adders
  A worm (D:3)
  A dart slug (D:1)
  An orc (D:3)
  9 ball pythons
  2 endoplasms
  6 giant cockroaches
  4 goblins
  2 hobgoblins (D:3)
  2 quokkas
  A frilled lizard (D:2)
  3 kobolds
  10 rats
55 creatures vanquished.

Notes
Turn   | Place    | Note
-------+----------+-------------------------------------------
     0 | D:1      | NinjaNoafa the Minotaur Monk began the quest for the Orb.
     0 | D:1      | Reached XP level 1. HP: 19/19 MP: 0/0
   431 | D:1      | Reached skill level 1 in Armour
   431 | D:1      | Reached XP level 2. HP: 26/27 MP: 1/1
  1113 | D:2      | Reached XP level 3. HP: 30/33 MP: 2/2
  1115 | D:2      | Reached skill level 1 in Short Blades
  1233 | D:2      | Noticed Jessica
  1237 | D:2      | Killed Jessica
  1238 | D:2      | Reached XP level 4. HP: 40/40 MP: 3/3
  1575 | D:2      | Found a burning altar of Makhleb.
  2054 | D:3      | Reached XP level 5. HP: 36/46 MP: 4/4
  2391 | D:3      | Found a faded altar of an unknown god.
  2835 | D:4      | Noticed a phantom
  2879 | D:4      | Noticed Sigmund
  2919 | D:4      | HP: 2/44 [wight/+0 mace (4)]
  2920 | D:4      | Slain by an adder

Illustrated notes

Levels and vault maps discovered:
D:1:      erik_arrival_cave_to_civilisation [erik_arrival_cave_to_hall],
          layout_basic
D:2:      layout_basic, basic_altar, minmay_pentomino_pile, uniq_jessica
D:3:      layout_loops_ring, basic_ecumenical_altar
D:4:      minmay_door_path, layout_rooms, minmay_temple_entry_grid,
          serial_shops, kennysheep_mini, uniq_sigmund

Skill      XL: |  1  2  3  4  5 |
---------------+----------------+-----
Armour         | 1 2 3 4 |  4.4
Axes           | 4 |  4.0
Fighting       | 4 |  4.0
Short Blades   | 1 2 3 |  3.6
Dodging        | |  3.2
Stealth        | |  1.5

Action                   |  1- 3 |  4- 6 || total
-------------------------+-------+-------++-------
Melee: Hand axe          |    35 |       ||    35
       Headbutt          |    15 |    20 ||    35
       Dagger            |    22 |    96 ||   118
       Punch             |       |     1 ||     1
Throw: Dart              |       |    32 ||    32
       Throwing net      |       |     4 ||     4
  Use: Potion            |       |     4 ||     4
       Scroll            |       |    11 ||    11
Armor: Chain mail        |    20 |       ||    20
       Plate armour      |    10 |    56 ||    66
Dodge: Dodged            |    14 |    39 ||    53
